 Dungeon Crawl Stone Soup version 0.30-a0-989-g0d87f670db (webtiles) character file.

Game seed: 11790551508880803379

338 Sobieck the Shooter (level 6, -12/44 HPs)
             Began as a Mummy Hunter on Apr 2, 2023.
             Was a Follower of Fedhas.
             Killed from afar by Ijyb (20 damage)
             ... with a bolt of acid
             ... on level 4 of the Dungeon.
             The game lasted 00:07:04 (3527 turns).

Sobieck the Shooter (Mummy Hunter)                  Turns: 3527, Time: 00:07:04

Health: -12/44     AC:  0    Str: 15    XL:     6   Next: 29%
Magic:  6/6        EV: 12    Int:  8    God:    Fedhas [*.....]
Gold:   179        SH:  0    Dex: 17    Spells: 5/5 levels left

rFire   x . .      SeeInvis .    a - +0 shortbow {bow}
rCold   + . .      Faith    +    (shield currently unavailable)
rNeg    + + +      Spirit   .    c - +0 leather armour
rPois   ∞          Reflect  .    (no helmet)
rElec   .          Rampage  .    (no cloak)
rCorr   .                        m - +0 pair of gloves
Will    .....                    (no boots)
Stlth   ++                       (no amulet)
HPRegen 0.27/turn                (no ring)
MPRegen 0.10/turn                (no ring)

@: corroded
A: cold resistance 1, negative energy resistance 3, torment resistance 2, heat
vulnerability 1, in touch with death 1, no potions, faith
a: Renounce Religion


You were on level 4 of the Dungeon.
You worshipped Fedhas.
Fedhas was aware of your devotion.
You visited 1 branch of the dungeon, and saw 4 of its levels.

You collected 179 gold pieces.


Innate Abilities, Weirdness & Mutations

You are immune to poison.
Your flesh is cold resistant. (rC+)
You are immune to negative energy. (rN+++)
You are immune to unholy pain and torment.
You are vulnerable to heat. (rF-)
You are in touch with the powers of death.
You do not drink.
You have a special connection with the divine. (Faith)


   Skills:
 - Level 2.0 Fighting
 + Level 6.3 Ranged Weapons
 - Level 1.5 Dodging
 - Level 0.7 Stealth


You had 5 spell levels left.
You didn't know any spells.
Your spell library contained the following spells:

 Spells                   Type           Power      Damage    Failure   Level
 Blink                    Tloc           0%         N/A       63%         2
 Lesser Beckoning         Tloc           0%         N/A       63%         2
 Momentum Strike          Conj/Tloc      0%         3d8       63%         2

Inventory:

Hand Weapons
 a - a +0 shortbow (weapon) {bow}
 j - a +0 falchion of freezing {long}
   (You found it on level 2 of the Dungeon)
 n - a +0 flail of draining {mace}
   (You took it off an orc on level 3 of the Dungeon)
 q - a +2 whip of flaming {mace}
   (You took it off an orc on level 3 of the Dungeon)
 s - the +6 spear "Lios" {freeze, rElec Str+2 Int+2 Dex+2, polearm}
   (You found it on level 3 of the Dungeon)

   Str:       It affects your strength (+2).
   Int:       It affects your intelligence (+2).
   Dex:       It affects your dexterity (+2).
   rElec:     It insulates you from electricity.
Missiles
 e - 27 stones {throwing}
 f - 5 poisoned darts {throwing}
 x - 3 javelins {throwing}
Armour
 c - a +0 leather armour (worn)
 d - a +0 plate armour
   (You found it on level 1 of the Dungeon)
 g - a +0 chain mail
   (You found it on level 1 of the Dungeon)
 k - a +0 ring mail
   (You found it on level 2 of the Dungeon)
 m - a +0 pair of gloves (worn)
   (You found it on level 3 of the Dungeon)
 o - a +0 scale mail
   (You took it off an orc on level 3 of the Dungeon)
 p - a +0 ring mail
   (You took it off an orc on level 3 of the Dungeon)
 r - a +0 robe
   (You found it on level 3 of the Dungeon)
 t - a +0 helmet
   (You took it off Robin on level 3 of the Dungeon)
 u - a +0 animal skin
   (You took it off Robin on level 3 of the Dungeon)
 w - a +0 scale mail
   (You found it on level 3 of the Dungeon)
 z - a +0 ring mail
   (You found it on level 4 of the Dungeon)
Wands
 v - a wand of flame (13)
   (You took it off Robin on level 3 of the Dungeon)
Scrolls
 b - a scroll of immolation {!r!r}
 i - 2 scrolls of identify {unknown}
 l - a scroll of fear {unknown}
 y - a scroll of vulnerability {unknown}

Dungeon Overview and Level Annotations

Branches:
Dungeon (4/15) Zot: 20373
 Temple: D:4-7

Altars:
Fedhas

Annotations:
D:3 Sigmund
D:4 Eustachio, Ijyb

#.# #.# #.#####
#.....#
.###.###!#########
.................#
.#.....#.#######.#
##..<...# #.#
##.##### #@# #.#
########g# #.#
#.......S# #+#
#.######.# #.#
#S....# #.#.#.#
!....# ... ...


You could see Ijyb (fast) and an adder.


Message History

The rat attacks as you move away! The rat barely misses you.
The rat attacks as you move away! The rat bites you.
* * * LOW HITPOINT WARNING * * *
Eustachio casts a spell.
The rat attacks as you move away! The rat bites you but does no damage.
The rat attacks as you move away! The rat misses you.
The rat attacks as you move away! The rat barely misses you.
The rat attacks as you move away! The rat bites you but does no damage.
The rat attacks as you move away! The rat bites you.
The rat closely misses you.
There is an open door here.
The ufetubus attacks as you move away!
The ufetubus hits you but does no damage. x2
The ufetubus closely misses you. The ufetubus hits you.
The ufetubus disappears in a puff of smoke!
You see here a +0 spear {polearm}.
The rat twitches its whiskers.
The rat disappears in a puff of smoke!
The rat disappears in a puff of smoke!
You shoot an arrow. The arrow barely misses the river rat.
You shoot an arrow. The arrow closely misses the river rat.
The river rat twitches its whiskers.
You shoot an arrow. The arrow hits the river rat!
The river rat barely misses you.
You shoot an arrow. The arrow hits the river rat.
The river rat bites you.
You are too injured to fight recklessly!
You are too injured to fight recklessly!
You are too injured to fight recklessly!
You are too injured to fight recklessly!
Unknown command.
Fire: a) +0 shortbow {bow}
Press: ? - help, Q - select action, (/) - cycle Shift-Dir - straight line, f/p - river rat
Aim: a river rat (almost dead, summoned, 61% to hit)
You shoot an arrow. The arrow closely misses the river rat.
The river rat misses you. The river rat closely misses you.
Fire: a) +0 shortbow {bow}
Press: ? - help, Q - select action, (/) - cycle Shift-Dir - straight line, f/p - river rat
Aim: a river rat (almost dead, summoned, 61% to hit)
You shoot an arrow. The arrow barely misses the river rat.
The river rat bites you.
Fire: a) +0 shortbow {bow}
Press: ? - help, Q - select action, (/) - cycle Shift-Dir - straight line, f/p - river rat
Aim: a river rat (almost dead, summoned, 61% to hit)
You shoot an arrow. The arrow hits the river rat!
You kill the river rat!
The river rat's corpse disappears in a puff of smoke!
You start resting.
Unknown command.
Found a stone staircase leading up.
Unknown command.
Ijyb and an adder come into view.
Ijyb is wielding a +0 club and carrying a wand of acid (7).
Ijyb shouts!
Ijyb drinks a potion.
Ijyb seems to speed up.
Danger!
Ijyb screams, "Level is mine!
All mine!"
Ijyb attacks as you move away! Ijyb hits you but does no damage.
Fire: a) +0 shortbow {bow}
Press: ? - help, Q - select action, (/) - cycle Shift-Dir - straight line, f - Ijyb
Aim: Ijyb, wielding a +0 club, wearing a +0 leather armour and carrying a wand of acid (7) (fast, 58% to hit)
You shoot an arrow. The arrow barely misses Ijyb.
You hear an angry hiss.
Ijyb barely misses you. Ijyb closely misses you.
Fire: a) +0 shortbow {bow}
Press: ? - help, Q - select action, (/) - cycle Shift-Dir - straight line, f/p - Ijyb
Aim: Ijyb, wielding a +0 club, wearing a +0 leather armour and carrying a wand of acid (7) (fast, 58% to hit)
You shoot an arrow. The arrow misses Ijyb.
Ijyb hits you with a +0 club. Ijyb closely misses you.
Fire: a) +0 shortbow {bow}
Press: ? - help, Q - select action, (/) - cycle Shift-Dir - straight line, f/p - Ijyb
Aim: Ijyb, wielding a +0 club, wearing a +0 leather armour and carrying a wand of acid (7) (fast, 58% to hit)
You shoot an arrow. The arrow hits Ijyb!
Ijyb hits you but does no damage.
Ijyb zaps a wand.
The bolt of acid hits you! The acid corrodes you!
Fire: a) +0 shortbow {bow}
Press: ? - help, Q - select action, (/) - cycle Shift-Dir - straight line, f/p - Ijyb
Aim: Ijyb, wielding a +0 club, wearing a +0 leather armour and carrying a wand of acid (6) (moderately wounded, fast, 58% to hit)
You shoot an arrow. The arrow hits Ijyb but does no damage.
Ijyb hits you with a +0 club.
Ijyb zaps a wand.
The bolt of acid misses you.
Fire: a) +0 shortbow {bow}
Press: ? - help, Q - select action, (/) - cycle Shift-Dir - straight line, f/p - Ijyb
Aim: Ijyb, wielding a +0 club, wearing a +0 leather armour and carrying a wand of acid (5) (moderately wounded, fast, 58% to hit)
You shoot an arrow. The arrow barely misses Ijyb.
Ijyb zaps a wand.
The bolt of acid misses you.
Ijyb zaps a wand.
The bolt of acid hits you!
* * * LOW HITPOINT WARNING * * *
Unknown command.
As you read the scroll labelled LOJAOPL BAOZEE, it crumbles to dust.
You hear a loud clanging noise!
It was a scroll of noise.
Ijyb zaps a wand.
The bolt of acid hits you!!
You die...
Fedhas appreciates your contribution to the ecosystem.

Skill      XL: |  1  2  3  4  5 |
---------------+----------------+-----
Ranged Weapons | 4 5 6 |  6.3
Fighting       | |  2.0
Dodging        | |  1.5
Stealth        | |  0.7

Action                     |  1- 3 |  4- 6 || total
---------------------------+-------+-------++-------
   Fire: Shortbow          |    81 |   245 ||   326
 Invoke: Wall of Briars    |       |     5 ||     5
    Use: Scroll            |       |     1 ||     1
 Armour: Leather armour    |     8 |    74 ||    82
  Dodge: Dodged            |    20 |   189 ||   209

Levels and vault maps discovered:
D:1:      dpeg_arrival_more_subterranean_lakeside_camping, layout_basic
D:2:      layout_loops_ring, basic_altar, kennysheep_cluttered_room,
          cheibrodos_gnoll_hut
D:3:      minmay_diamond_boxcup, layout_loops_cross, uniq_robin, uniq_sigmund
D:4:      layout_loops_corners, uniq_ijyb, uniq_eustachio

Notes
Turn   | Place    | Note
-------+----------+-------------------------------------------
     0 | D:1      | Sobieck the Mummy Hunter began the quest for the Orb.
     0 | D:1      | Reached XP level 1. HP: 16/16 MP: 1/1
   134 | D:1      | Reached XP level 2. HP: 20/22 MP: 2/2
   338 | D:1      | Reached skill level 4 in Ranged Weapons
   381 | D:1      | Gained mutation: You are in touch with the powers of death.
                  | [Mummy growth]
   381 | D:1      | Reached XP level 3. HP: 10/27 MP: 3/3
   618 | D:1      | You pick up a book of Spatial Translocations and begin
                  | reading...
   618 | D:1      | You add the spells Blink, Momentum Strike and Lesser
                  | Beckoning to your library.
   832 | D:2      | Reached XP level 4. HP: 30/33 MP: 4/4
   968 | D:2      | Found a blossoming altar of Fedhas.
  1027 | D:2      | Became a worshipper of Fedhas Madash
  1202 | D:2      | Reached skill level 5 in Ranged Weapons
  1616 | D:3      | Identified a +1 robe of the Archmagi
  1616 | D:3      | Noticed Sigmund
  1862 | D:3      | Reached XP level 5. HP: 23/38 MP: 5/5
  1870 | D:3      | Reached * piety under Fedhas
  2364 | D:3      | Reached ** piety under Fedhas
  2502 | D:3      | Identified the +6 spear "Lios" {freeze, rElec Str+2 Int+2
                  | Dex+2}
  2521 | D:3      | Noticed Robin
  2530 | D:3      | Killed Robin
  3069 | D:4      | Noticed a phantom
  3079 | D:4      | Killed a phantom
  3080 | D:4      | Reached skill level 6 in Ranged Weapons
  3080 | D:4      | Reached XP level 6. HP: 44/44 MP: 2/6
  3294 | D:4      | Noticed Eustachio
  3517 | D:4      | Noticed Ijyb
  3526 | D:4      | HP: 8/44 [Ijyb/bolt of acid (16)]
  3527 | D:4      | Killed from afar by Ijyb

Vanquished Creatures
  2 jellies
  10 adders
  2 gnolls
  A worm (D:2)
  5 orcs (D:3)
  6 endoplasms
  A giant cockroach (D:2)
  11 goblins
  6 hobgoblins
  7 jackals
  4 quokkas
  7 ball pythons
  5 bats
  2 frilled lizards (D:3)
  8 kobolds
  7 rats
84 creatures vanquished.

Vanquished Creatures (collateral kills)
  A phantom (D:4)
  Robin (D:3)
  2 goblins (D:3)
4 creatures vanquished.

Grand Total: 88 creatures vanquished

Table legend:
 A = Non-vault XP
 B = Vault XP
 C = Vault XP percentage of total XP
 D = Non-vault monster count
 E = Vault monster count
 F = Vault count percentage of total count
                 A         B        C        D         E       F
            +---------+---------+-------+---------+---------+-------
      Total |     385 |      99 |  20.5 |      63 |      25 |  28.4
            +---------+---------+-------+---------+---------+-------
        D:1 |      51 |       0 |   0.0 |      24 |       0 |   0.0
        D:2 |      93 |      18 |  16.2 |      17 |       3 |  15.0
        D:3 |      95 |      81 |  46.0 |      20 |      22 |  52.4
        D:4 |     146 |       0 |   0.0 |       2 |       0 |   0.0
            +---------+---------+-------+---------+---------+-------

Illustrated notes

Table legend:
 A = Kills in this place as a percentage of kills in the entire game.
 B = Kills by you in this place as a percentage of kills by you in the entire game.
 C = Kills by friends in this place as a percentage of kills by friends in the entire game.
 D = Other kills in this place as a percentage of other kills in the entire game.
 E = Experience gained in this place as a percentage of experience gained in the entire game.
 F = Experience gained in this place divided by the number of levels of this place that you have seen.
                   A       B       C       D       E      F
               +-------+-------+-------+-------+-------+----------------------
         Total | 100.0 | 100.0 | 100.0 |   N/A | 100.0 | 121.0
       Dungeon | 100.0 | 100.0 | 100.0 |   N/A | 100.0 | 121.0
               +-------+-------+-------+-------+-------+----------------------

Table legend: (Time is in decaauts)
 A = Elapsed time spent in this place.
 B = Non-inter-level travel time spent in this place.
 C = Inter-level travel time spent in this place.
 D = Time resting spent in this place.
 E = Time spent auto-exploring this place.
 F = Levels seen in this place.
 G = Mean time per level.
                   A        B        C        D        E       F      G
               +--------+--------+--------+--------+--------+-----+--------+
         Total |   3625 |   3415 |    210 |    413 |   2256 |   4 |  906.2 |
       Dungeon |   3625 |   3415 |    210 |    413 |   2256 |   4 |  906.2 |
               +--------+--------+--------+--------+--------+-----+--------+

Top non-repeatable levels by time:
     D:3: 1269 daAuts
     D:2: 986 daAuts
     D:1: 801 daAuts
     D:4: 568 daAuts
